 Dungeon Crawl Stone Soup version 0.22.1-1-ga44c0e5 (webtiles) character file.

1761 MalarOregon the Ducker (level 9, 0/68 HPs)
             Began as a Merfolk Ice Elementalist on Nov 7, 2018.
             Was a Believer of Ashenzari.
             Slain by a troll (5 damage)
             ... on level 6 of the Dungeon.
             The game lasted 00:24:08 (8744 turns).

MalarOregon the Ducker (Merfolk Ice Elementalist)   Turns: 8744, Time: 00:24:08

Health: 0/68       AC:  9    Str:  8    XL:     9   Next: 7%
Magic:  6/16       EV: 16    Int: 17    God:    Ashenzari [**....]
Gold:   258        SH:  0    Dex: 15    Spells: 4/18 levels left

rFire    . . .     SeeInvis +   a - +0 spear (curse)
rCold    . . .     Gourm    .   (no shield)
rNeg     . . .     Faith    +   k - +3 leather armour {rPois}
rPois    +         Spirit   .   p - +0 helmet
rElec    .         Reflect  .   t - +0 cloak
rCorr    .         Harm     .   r - +0 pair of gloves
MR       .....                  (no boots)
Stlth    +++.......             f - amulet of faith {!P}
HPRegen  0.21/turn              z - ring of see invisible
MPRegen  0.15/turn              G - ring of stealth

@: no status effects
A: change form in water, swift swim, stealthy swim
a: Curse Item, Scrying, Renounce Religion


You were on level 6 of the Dungeon.
You worshipped Ashenzari.
Ashenzari was pleased with you.
You were not hungry.

You visited 2 branches of the dungeon, and saw 7 of its levels.

You collected 258 gold pieces.

Inventory:

Hand Weapons
 a - a cursed +0 spear (weapon)
   (You found it on level 5 of the Dungeon)
 b - a +0 blowgun
   (You took it off a kobold on level 3 of the Dungeon)
 y - a +0 halberd
   (You took it off an orc warrior in the Ecumenical Temple)
Missiles
 m - a throwing net (quivered) {!f}
 o - 9 poisoned needles
 q - 16 tomahawks
Armour
 d - a +4 ring mail
   (You found it on level 1 of the Dungeon)
 k - a +3 leather armour of poison resistance (worn)
   (You found it on level 3 of the Dungeon)
 p - a +0 helmet (worn)
   (You took it off Robin on level 3 of the Dungeon)
 r - a +0 pair of gloves (worn)
   (You found it on level 4 of the Dungeon)
 t - a +0 cloak (worn)
   (You took it off Crazy Yiuf on level 3 of the Dungeon)
Jewellery
 f - an amulet of faith (around neck) {!P}
   (You found it on level 1 of the Dungeon)
 z - a ring of see invisible (left hand)
   (You found it on level 1 of the Dungeon)
 G - a ring of stealth (right hand)
   (You found it on level 5 of the Dungeon)
Wands
 c - a wand of disintegration (22)
   (You took it off Ijyb on level 5 of the Dungeon)
 x - a wand of acid (5)
   (You found it on level 3 of the Dungeon)
Scrolls
 g - 10 scrolls of identify {unknown}
 i - a scroll of fog {unknown}
 l - a scroll of blinking {unknown}
 n - a scroll of enchant armour {unknown}
 s - a scroll of amnesia {unknown}
 u - 3 scrolls of enchant weapon {unknown}
 C - a scroll of fear {unknown}
 D - 3 scrolls of immolation {unknown}
 E - a scroll of torment {unknown}
 F - a scroll of magic mapping {unknown}
 I - 2 scrolls of teleportation {unknown}
 J - a scroll of random uselessness {unknown}
 L - a scroll of acquirement {unknown}
 M - a scroll of remove curse {@r2}
Potions
 h - 3 potions of resistance {unknown}
 j - a potion of flight {unknown}
 v - 2 potions of degeneration {unknown}
 w - a potion of mutation {unknown}
 A - 3 potions of brilliance {unknown}
 B - a potion of curing {unknown}
 K - a potion of lignification {unknown}
Comestibles
 e - 10 rations {!d}


   Skills:
 + Level 5.3 Fighting
 + Level 3.2(5.2) Polearms
 + Level 2.1 Throwing
 + Level 1.3 Armour
 + Level 7.2 Dodging
 - Level 2.1 Stealth
 + Level 5.0 Spellcasting
 - Level 0.7 Conjurations
 + Level 6.4 Ice Magic
 + Level 2.2 Evocations


You had 4 spell levels left.
You knew the following spells:

 Your Spells              Type           Power        Failure   Level  Hunger
a - Freeze                Ice            ####         1%          1    None
b - Ozocubu's Armour      Chrm/Ice       ###.....     16%         3    ###....
c - Throw Icicle          Conj/Ice       ###.....     43%         4    ####...
d - Summon Ice Beast      Ice/Summ       ###.....     47%         4    ####...
x - Throw Frost           Conj/Ice       ###...       7%          2    #......

Your spell library contained the following spells:

 Spells                   Type           Power        Failure   Level  Hunger


Dungeon Overview and Level Annotations

Branches:
Dungeon (6/15)             Temple (1/1) D:6

Altars:
Ashenzari
Cheibriados
Dithmenos
Elyvilon
Fedhas
Gozag
Hepliaklqana
Kikubaaqudgha
Makhleb
Nemelex Xobeh
Okawaru
Qazlal
Ru
Sif Muna
Trog
Uskayaw
Vehumet
Wu Jian
Xom
Yredelemnul
Zin
The Shining One

Annotations:
D:6 exclusion: oklob plant


Message History

All of the chunks of flesh in your inventory have rotted away.
You hit the sky beast.
Aim: a sky beast (lightly wounded)
You freeze the sky beast. The sky beast barely misses you.
Aim: a sky beast (heavily wounded)
You freeze the sky beast. The sky beast misses you.
Aim: a sky beast (heavily wounded)
You freeze the sky beast.
The sky beast hits you but does no damage.
Aim: a sky beast (severely wounded)
You freeze the sky beast.
The sky beast hits you but does no damage.
The troll bites you but does no damage. The troll claws you.
The troll closely misses you.
Aim: a sky beast (severely wounded)
You freeze the sky beast. The sky beast barely misses you. The troll bites you!
The troll closely misses you. The troll barely misses you.
Aim: a sky beast (severely wounded)
You freeze the sky beast. The sky beast barely misses you.
The troll closely misses you. The troll misses you.
The troll claws you but does no damage.
Aim: a sky beast (severely wounded)
You freeze the sky beast.
You kill the sky beast!
Your Spellcasting skill increases to level 5!
The troll bites you but does no damage. The troll misses you.
The troll completely misses you.
Unknown command.
Aim: a troll You freeze the troll.
The troll closely misses you.
The troll claws you but does no damage. x2
Aim: a troll (moderately wounded)
You freeze the troll. The troll closely misses you. The troll claws you.
The troll closely misses you.
Aim: a troll (moderately wounded)
You freeze the troll. The troll bites you! The troll closely misses you.
The troll misses you.
Aim: a troll (moderately wounded)
You freeze the troll. The troll barely misses you. The troll claws you!
* * * LOW HITPOINT WARNING * * *
The troll closely misses you.
Unknown command.
Aim: a troll (moderately wounded)
You freeze the troll. The troll bites you!
* * * LOW HITPOINT WARNING * * *
The troll barely misses you. The troll claws you!
* * * LOW HITPOINT WARNING * * *
Okay, then.
The troll bites you.
You die...

# #....#########..##..#.# *
* # ####.........#..##...<#
# #########.#...#.####.# * #
#....####.#.#.#......# * #
#...........#.#.###### *
#########.....#.#...#...#
.............#.#.#..##..# ,
#######.#...#.#)#.#.##..##**
*
...^.........#.>@#.....>..,*
#######.....#.#.#T#....[..
,,
......#.....)#.#.#.........
*
#####.#.#.#...#.#..........#
.# #......................#
.# #####.#....#...†...... .#
#.#....##......... .#
#.#....##......... .#
#.#....##.........


You could see a troll.

Vanquished Creatures
  Edmund (D:5)
  An orc warrior (Temple)
  A water moccasin (D:6)
  A sky beast (D:6)
  The ghost of SaintRoka the Digger, an amateur DDEE (D:4)
  A phantom (D:4)
  A bullfrog (D:6)
  A water moccasin skeleton (D:4)
  A howler monkey (D:4)
  A crimson imp (D:5)
  A bullfrog zombie (D:4)
  A quasit (D:5)
  2 hounds (D:4)
  Crazy Yiuf (D:3)
  7 jellies (D:6)
  An orc priest (D:3)
  A bullfrog skeleton (D:5)
  Ijyb (D:5)
  6 orc wizards
  3 worker ants
  2 hound skeletons (D:6)
  Robin (D:3)
  3 gnolls
  7 adders
  12 oozes (D:6)
  A worm (D:3)
  3 dart slugs
  3 leopard geckos
  13 orcs
  6 bats
  7 giant cockroaches
  10 goblins
  14 hobgoblins
  6 jackals
  2 quokkas (D:6)
  A ball python (D:3)
  3 frilled lizards
  11 kobolds
  A leopard gecko skeleton (D:4)
  2 quokka skeletons (D:6)
  A quokka zombie (D:6)
  11 rats
154 creatures vanquished.

Vanquished Creatures (others)
  6 fungi (D:6)
6 creatures vanquished.

Grand Total: 160 creatures vanquished

Notes
Turn   | Place    | Note
-------+----------+-------------------------------------------
     0 | D:1      | MalarOregon the Merfolk Ice Elementalist began the quest
                  | for the Orb.
     0 | D:1      | Reached XP level 1. HP: 13/13 MP: 3/3
   225 | D:1      | Reached XP level 2. HP: 11/20 MP: 3/5
   387 | D:1      | Reached skill level 3 in Dodging
   692 | D:1      | Reached skill level 1 in Fighting
  1018 | D:1      | Reached XP level 3. HP: 23/26 MP: 0/6
  1185 | D:2      | Found a basalt altar of Yredelemnul.
  1472 | D:2      | Found a faded altar of an unknown god.
  1501 | D:2      | Became a worshipper of Ashenzari the Shackled
  1501 | D:2      | Reached * piety under Ashenzari
  1891 | D:2      | Found an opulent altar of Gozag.
  2080 | D:3      | Found a glowing silver altar of Zin.
  2080 | D:3      | Noticed Robin
  2095 | D:3      | Reached XP level 4. HP: 32/32 MP: 4/7
  2265 | D:2      | Learned a level 2 spell: Throw Frost
  2269 | D:2      | Learned a level 3 spell: Ozocubu's Armour
  2311 | D:3      | Killed Robin
  2497 | D:3      | Found a sacrificial altar of Ru.
  2735 | D:3      | Reached skill level 4 in Dodging
  2752 | D:3      | Reached XP level 5. HP: 23/38 MP: 0/9
  3139 | D:3      | Found a runed door.
  3541 | D:3      | Noticed Crazy Yiuf
  3549 | D:3      | Killed Crazy Yiuf
  3719 | D:4      | Reached XP level 6. HP: 20/46 MP: 8/10
  3937 | D:4      | Found a radiant altar of Vehumet.
  4013 | D:4      | Found a snail-covered altar of Cheibriados.
  4551 | D:4      | Found a shimmering altar of Xom.
  4552 | D:4      | Found a hide-covered altar of Uskayaw.
  4568 | D:4      | Reached skill level 5 in Dodging
  4681 | D:4      | Reached skill level 5 in Ice Magic
  4708 | D:4      | Found a hazy altar of Hepliaklqana.
  4880 | D:4      | Noticed a phantom
  4927 | D:4      | Killed a phantom
  4927 | D:4      | Reached XP level 7. HP: 29/53 MP: 10/12
  4933 | D:4      | Noticed SaintRoka's ghost (amateur DDEE)
  4934 | D:4      | Found a runed door.
  5073 | D:4      | Killed SaintRoka's ghost
  5170 | D:5      | Entered Level 5 of the Dungeon
  5199 | D:5      | Found an iron altar of Okawaru.
  5204 | D:5      | Reached ** piety under Ashenzari
  5370 | D:5      | Reached skill level 6 in Dodging
  5447 | D:5      | Noticed Edmund
  5460 | D:5      | Killed Edmund
  5460 | D:5      | Reached XP level 8. HP: 51/61 MP: 5/14
  5740 | D:5      | Noticed Ijyb
  5743 | D:5      | Killed Ijyb
  5863 | D:6      | Found a staircase to the Ecumenical Temple.
  5899 | Temple   | Entered the Ecumenical Temple
  6038 | Temple   | Reached skill level 1 in Polearms
  6309 | D:6      | Reached skill level 1 in Throwing
  6309 | D:6      | Reached skill level 1 in Evocations
  6489 | D:6      | Noticed an oklob plant
  6499 | D:6      | Reached skill level 5 in Fighting
  6531 | D:6      | Reached skill level 1 in Armour
  6564 | D:6      | Reached skill level 7 in Dodging
  6789 | D:6      | Learned a level 4 spell: Throw Icicle
  6794 | D:6      | Learned a level 4 spell: Summon Ice Beast
  8474 | D:6      | Found a sacrificial altar of Ru.
  8497 | D:6      | Reached XP level 9. HP: 61/68 MP: 16/16
  8723 | D:6      | Noticed a troll
  8734 | D:6      | Reached skill level 5 in Spellcasting
  8744 | D:6      | Slain by a troll

Skill      XL: |  1  2  3  4  5  6  7  8  9 |
---------------+----------------------------+-----
Dodging        | 3 4 5 6 7 |  7.2
Fighting       | 1 2 3 4 5 |  5.3
Ice Magic      | 4 5 6 |  6.4
Spellcasting   | 3 4 5 |  5.0
Polearms       | 3 |  3.2
Throwing       | 2 |  2.1
Evocations     | 2 |  2.2
Armour         | 1 |  1.3
Stealth        | |  2.1
Conjurations   | |  0.7

Action                   |  1- 3 |  4- 6 |  7- 9 || total
-------------------------+-------+-------+-------++-------
Melee: Unarmed           |    12 |    51 |       ||    63
       Short sword       |       |   153 |     3 ||   156
       Spear             |       |       |   274 ||   274
 Cast: Freeze            |    58 |    87 |   117 ||   262
       Throw Frost       |       |     4 |    10 ||    14
       Ozocubu's Armour  |       |     1 |     1 ||     2
       Summon Ice Beast  |       |       |     2 ||     2
       Throw Icicle      |       |       |     1 ||     1
Invok: Curse Item        |       |       |     1 ||     1
Evoke: Wand              |       |       |     9 ||     9
 Stab: Sleeping          |       |     2 |     2 ||     4
  Eat: Chunk             |     4 |    10 |     7 ||    21
       Ration            |       |       |     2 ||     2
Armor: Robe              |     5 |       |       ||     5
       Leather armour    |       |    61 |   117 ||   178
Dodge: Dodged            |    34 |   139 |   287 ||   460
